 Dungeon Crawl Stone Soup version 0.29.1-15-g9cfb28693d (webtiles) character file.

Game seed: 14724738515233829915

1589 zlionsfan the Digger (level 8, -13/48 HPs)
             Began as an Octopode Earth Elementalist on Feb 19, 2023.
             Was a Believer of Sif Muna.
             Mangled by a hornet (17 damage)
             ... while paralysed by a hornet
             ... on level 7 of the Dungeon on Apr 15, 2023.
             The game lasted 00:28:08 (7558 turns).

zlionsfan the Digger (Octopode Earth Elementalist)  Turns: 7558, Time: 00:28:09

Health: -13/48     AC:  1    Str: 18    XL:     8   Next: 92%
Magic:  16/16      EV:  2    Int: 19    God:    Sif Muna [**....]
Gold:   518        SH:  0    Dex: 13    Spells: 12/18 levels left

rFire   + . .      SeeInvis .   a - +6 spear of the Demagogue {protect, rF+ Str+5 Stlth-}
rCold   . . .      Faith    .   (no shield)
rNeg    . . .      Spirit   .   (helmet restricted)
rPois   .          Reflect  +   t - amulet of reflection
rElec   .          Harm     .   f - +6 ring of strength
rCorr   .          Rampage  .   (no ring)
Will    .....                   (no ring)
Stlth   ++........              (no ring)
HPRegen 0.16/turn               (no ring)
MPRegen 0.15/turn               (no ring)
                                (no ring)
                                (no ring)

@: paralysed, lethally poisoned (-13 -> -21), slowed
A: almost no armour, amphibious, 8 rings, camouflage 1, gelatinous body 1,
(nimble swimmer 1), tentacles
a: Renounce Religion, Channel Magic


You were on level 7 of the Dungeon.
You worshipped Sif Muna.
Sif Muna was pleased with you.
You visited 2 branches of the dungeon, and saw 8 of its levels.

You collected 518 gold pieces.

Inventory:

Hand Weapons
 a - the +6 spear of the Demagogue (weapon) {protect, rF+ Str+5 Stlth-}
   (You found it on level 3 of the Dungeon)

   It grants its wielder temporary protection when it strikes (+7 to AC).
   Str:       It affects your strength (+5).
   rF:        It protects you from fire.
   Stlth:     It makes you less stealthy.
 b - a +0 sling
 y - the +6 flail of the Median {venom, Int+4}
   (You found it on level 4 of the Dungeon)

   It poisons the flesh of those it strikes.
   Int:       It affects your intelligence (+4).
Missiles
 u - 4 throwing nets
Jewellery
 f - a +6 ring of strength (left tentacle)
 t - an amulet of reflection (around mantle)
 v - an amulet of regeneration
 w - a ring of protection from fire
Wands
 l - a wand of flame (2)
 r - a wand of mindburst (17)
 x - a wand of paralysis (10)
 F - a wand of polymorph (10)
Scrolls
 c - 3 scrolls of butterflies
 g - a scroll of poison {unknown}
 h - 2 scrolls of teleportation
 i - 2 scrolls of amnesia
 j - a scroll of acquirement {unknown}
 k - 2 scrolls of immolation
 m - 2 scrolls of enchant weapon {unknown}
 n - 2 scrolls of magic mapping
 o - a scroll of silence
 q - a scroll of summoning {unknown}
 z - a scroll of blinking {unknown}
 A - a scroll of fear {unknown}
 B - a scroll of brand weapon {unknown}
 C - a scroll of vulnerability
 D - a scroll of enchant armour {unknown}
Potions
 d - a potion of haste {unknown}
 e - a potion of magic
 p - 2 potions of curing
 s - a potion of attraction {unknown}
 E - a potion of heal wounds


   Skills:
 + Level 1.3 Fighting
 + Level 0.2 Short Blades
 + Level 1.7(3.2) Axes
 + Level 0.4(1.1) Maces & Flails
 * Level 4.1(4.3) Polearms
 + Level 1.0 Ranged Weapons
 + Level 2.4 Dodging
 + Level 4.0 Stealth
 + Level 0.4 Shields
 * Level 5.9 Spellcasting
 + Level 1.0 Conjurations
 + Level 1.0 Transmutations
 * Level 7.1 Earth Magic


You had 12 spell levels left.
You knew the following spells:

 Your Spells              Type           Power      Damage    Failure   Level
a - Sandblast             Erth           64%        2d14      1%          1
b - Passwall              Tmut/Erth      17%        N/A       3%          2
c - Stone Arrow           Conj/Erth      42%        3d9       6%          3

Your spell library contained the following spells:

 Spells                   Type           Power      Damage    Failure   Level
 Summon Small Mammal      Summ           20%        N/A       12%         1
 Petrify                  Tmut/Erth      21%        N/A       22%         4
 Call Canine Familiar     Summ           5%         N/A       34%         3
 Frozen Ramparts          Ice            10%        1d2       34%         3
 Summon Guardian Golem    Hex/Summ       5%         N/A       34%         3
 Ice Form                 Ice/Tmut       7%         N/A       67%         4
 Summon Ice Beast         Ice/Summ       5%         N/A       75%         4


Dungeon Overview and Level Annotations

Branches:
Dungeon (7/15)             Temple (1/1) D:4

Altars:
Ashenzari
Cheibriados
Elyvilon
Gozag
Hepliaklqana
Kikubaaqudgha
Makhleb
Nemelex Xobeh
Okawaru
Ru
Sif Muna
Trog
Uskayaw
Vehumet
Wu Jian
Xom
Yredelemnul
Zin
The Shining One

Annotations:
D:4 3 runed translucent doors, billybob123456's ghost, amateur MiMo


Innate Abilities, Weirdness & Mutations

You cannot wear most types of armour.
You are amphibious.
You can wear up to eight rings at the same time.
Your skin changes colour to match your surroundings (Stealth+).
Your rubbery body absorbs attacks. (AC +1, EV +1)
((You are camouflaged when in or above water. (Stealth+)))
You have tentacles for arms and can constrict up to eight enemies at once.


Message History

You start resting.
Magic restored.
You see here a sky beast corpse.
There is an escape hatch in the ceiling here.
Found a club.
Found a lead wand.
You now have 518 gold pieces (gained 16).
F - a wand of polymorph (10)
Found a hazy altar of Hepliaklqana.
There is an empty arch of ancient stone here.
There is an empty arch of ancient stone here.
A hornet comes into view.
The hornet buzzes angrily.
Aiming: Mindburst
Press: ? - help, Shift-Dir - straight line, f - hornet
Aim: a hornet (chance to affect: 55%)
The hornet resists with significant effort.
Aiming: Mindburst
Press: ? - help, Shift-Dir - straight line, f/p - hornet
Aim: a hornet (chance to affect: 55%)
The hornet's mind is blasted!
Aiming: Paralyse
Press: ? - help, Shift-Dir - straight line, f/p - hornet
Aim: a hornet (moderately wounded, chance to affect: 39%)
The hornet resists with some effort.
Aiming: Paralyse
Press: ? - help, Shift-Dir - straight line, f/p - hornet
Aim: a hornet (moderately wounded, chance to affect: 39%)
The hornet resists with some effort.
The hornet stings you!
You suddenly lose the ability to move!
The hornet stings you!
You shrug off the repeated paralysis!
The hornet stings you!
You are poisoned.
You feel yourself slow down.
You feel very sick. The hornet stings you!
* * * LOW HITPOINT WARNING * * *
You feel as though you will be slow longer.
The hornet stings you!
You die...

#.. .. #.###.
#.#.. #...# #..#
#.. ...# #.# .
... #y# #..#..
#@## ##.....
#..#♣ ♣#..#...
##.## ##....#.
#..### ###.....#.
#....###.........
#.##.............
#..............#.
#######......###.
#........#..


You could see a hornet.

Vanquished Creatures
  A sky beast (D:7)
  A phantom (D:6)
  A kobold brigand (D:6)
  A gnoll sergeant (D:4)
  3 scorpions
  A howler monkey (D:4)
  5 hounds
  A gnoll bouda (D:5)
  A jelly (D:5)
  2 orc priests (D:6)
  4 orc wizards
  Ijyb (D:4)
  3 iguanas
  34 gnolls
  7 adders
  A shadow imp (D:5)
  An ufetubus (D:5)
  3 worms
  A dart slug (D:5)
  42 orcs
  11 ball pythons
  4 bats
  8 endoplasms
  5 giant cockroaches
  5 hobgoblins
  16 jackals
  8 kobolds
  4 quokkas
  5 frilled lizards
  5 goblins
  2 rats
187 creatures vanquished.

Vanquished Creatures (others)
  An orc wizard (D:4)
  10 plants
11 creatures vanquished.

Grand Total: 198 creatures vanquished

Notes
Turn   | Place    | Note
-------+----------+-------------------------------------------
     0 | D:1      | zlionsfan the Octopode Earth Elementalist began the quest
                  | for the Orb.
     0 | D:1      | Reached XP level 1. HP: 11/11 MP: 3/3
   246 | D:1      | Reached XP level 2. HP: 17/17 MP: 5/5
   250 | D:1      | Learned a level 2 spell: Passwall
   932 | D:2      | Found a faded altar of an unknown god.
   947 | D:2      | Reached XP level 3. HP: 21/21 MP: 4/6
  1254 | D:2      | Reached skill level 1 in Axes
  1936 | D:3      | Reached XP level 4. HP: 27/27 MP: 7/7
  2103 | D:3      | Found a hide-covered altar of Uskayaw.
  2103 | D:3      | Found an ornate altar of the Wu Jian Council.
  2104 | D:3      | Found an iron altar of Okawaru.
  2109 | D:3      | Identified the +6 spear of the Demagogue {protect, rF+
                  | Str+5 Stlth-}
  2229 | D:3      | Reached skill level 1 in Ranged Weapons
  2746 | D:4      | Noticed Ijyb
  2748 | D:4      | Paralysed by Ijyb for 4 turns
  2758 | D:4      | Paralysed by Ijyb for 4 turns
  2762 | D:4      | HP: 1/27 [Ijyb/+0 club (2)]
  2767 | D:4      | Killed Ijyb
  2768 | D:4      | Reached XP level 5. HP: 20/31 MP: 6/9
  2905 | D:4      | Identified the +6 flail of the Median {venom, Int+4}
  2937 | D:4      | Reached skill level 4 in Earth Magic
  2980 | D:4      | Found a runed translucent gate.
  2980 | D:4      | Noticed billybob123456's ghost (amateur MiMo)
  2981 | D:4      | Found a runed translucent gate.
  2981 | D:4      | Found a runed translucent gate.
  2982 | D:4      | Identified the +1 chain mail of Dust Devil {Fly rF+ Will+
                  | Str-2}
  2982 | D:4      | Noticed an orc warrior
  3059 | D:4      | Reached XP level 6. HP: 16/37 MP: 8/10
  3313 | D:4      | Reached skill level 1 in Polearms
  3390 | D:4      | Reached skill level 1 in Fighting
  3631 | D:4      | Found a staircase to the Ecumenical Temple.
  3639 | Temple   | Entered the Ecumenical Temple
  3836 | Temple   | Became a worshipper of Sif Muna the Loreminder
  4062 | D:4      | Reached skill level 5 in Earth Magic
  4106 | D:4      | Reached XP level 7. HP: 43/43 MP: 0/12
  4110 | D:4      | Learned a level 3 spell: Stone Arrow
  4344 | D:4      | Reached * piety under Sif Muna
  5210 | D:5      | Entered Level 5 of the Dungeon
  5211 | D:5      | Upgraded the game from 0.29.1-14-g9c671dbff4 to
                  | 0.29.1-15-g9cfb28693d
  5233 | D:5      | Reached ** piety under Sif Muna
  5234 | D:5      | Reached skill level 6 in Earth Magic
  5547 | D:5      | Reached skill level 1 in Conjurations
  5547 | D:5      | Reached XP level 8. HP: 48/48 MP: 13/15
  5687 | D:5      | Found an ancient bone altar of Kikubaaqudgha.
  5964 | D:5      | Found a glowing silver altar of Zin.
  5964 | D:5      | Found a glowing golden altar of the Shining One.
  5967 | D:5      | Found a white marble altar of Elyvilon.
  6061 | D:5      | Found a radiant altar of Vehumet.
  6181 | D:5      | You fall into a shaft and drop 2 floors!
  6551 | D:6      | Reached skill level 5 in Spellcasting
  6823 | D:6      | Found a broken altar of Ashenzari.
  7259 | D:6      | Reached skill level 7 in Earth Magic
  7407 | D:7      | Noticed a komodo dragon
  7523 | D:7      | Found a hazy altar of Hepliaklqana.
  7551 | D:7      | Noticed a hornet
  7556 | D:7      | Paralysed by a hornet for 3 turns
  7558 | D:7      | Mangled by a hornet

Illustrated notes

Levels and vault maps discovered:
D:1:      heliophobic_arrival_dark_side_of_the_moon, layout_basic
D:2:      layout_basic, ebering_ecumenical_altar_webs, hangedman_feature_mirror,
          kennysheep_another_room, minmay_bisected
D:3:      layout_loops_ring, gammafunk_temple_overflow_claw,
          amcnicky_mini_corridor_feature
D:4:      lemuel_castle_with_subvaults [lemuel_castle_interior_original],
          layout_loops_ring, temple_green, biasface_ghost_orc_armoury, uniq_ijyb
D:5:      layout_cave_pools, dreamdust_divine_triumvirate,
          kiku_gazebo_garden_becter, mainiacjoe_overflow_chevrons,
          nicolae_titane
D:6:      layout_basic, mainiacjoe_overflow_brackets, lexackson_kobold_supper
D:7:      cheibrodos_iron_armory, layout_cave_pools,
          mainiacjoe_overflow_surrounded_room, nzn_hepliaklqana_mist_gate
Temple:   grunt_temple_mini_profane

Skill      XL: |  1  2  3  4  5  6  7  8 |
---------------+-------------------------+-----
Stealth        | 3 4 |  4.0
Axes           | 1 |  1.7
Ranged Weapons | 1 |  1.0
Earth Magic    | 4 5 6 7 |  7.1
Spellcasting   | 3 4 5 |  5.9
Polearms       | 1 2 4 |  4.1
Fighting       | 1 |  1.3
Conjurations   | 1 |  1.0
Short Blades   | |  0.2
Maces & Flails | |  0.4
Dodging        | |  2.4
Shields        | |  0.4
Transmutations | |  1.0

Action                   |  1- 3 |  4- 6 |  7- 9 || total
-------------------------+-------+-------+-------++-------
Melee: Dagger            |     4 |       |       ||     4
       Constrict         |     7 |    13 |    13 ||    33
       Tentacles         |     6 |     8 |     8 ||    22
       Hand axe          |    22 |     4 |       ||    26
       Spear             |       |    29 |    64 ||    93
       Flail             |       |    17 |       ||    17
 Fire: Sling             |    13 |       |     1 ||    14
 Cast: Sandblast         |    28 |    60 |   106 ||   194
       Stone Arrow       |       |       |    17 ||    17
Evoke: Wand              |       |     1 |     4 ||     5
  Use: Potion            |       |     3 |       ||     3
       Scroll            |       |       |     7 ||     7
 Stab: Sleeping          |     5 |     4 |     2 ||    11
Armor: Skin              |     4 |     7 |     4 ||    15
Dodge: Dodged            |    31 |    29 |    33 ||    93
Block: Other             |       |     5 |    21 ||    26
       Reflection        |       |       |     1 ||     1
